 Dungeon Crawl Stone Soup version 0.22-a0-157-g169b76a (webtiles) character file.

66 Gorglomux the Skirmisher (level 3, 0/31 HPs)
             Began as a Minotaur Air Elementalist on Feb 8, 2018.
             Killed by divine providence
             ... invoked by an orc priest
              (14 damage)
             ... on level 3 of the Dungeon.
             The game lasted 00:02:17 (2605 turns).

Gorglomux the Skirmisher (MiAE)                     Turns: 2605, Time: 00:02:17

Health: 0/31       AC:  9    Str: 11 (13) XL:     3   Next: 96%
Magic:  4/4        EV:  4    Int:  9 (12) God:
Gold:   92         SH:  0    Dex:  8 (10) Spells: 3/4 levels left

rFire    . . .     SeeInvis .   l - +0 hand axe
rCold    . . .     Gourm    .   (no shield)
rNeg     . . .     Faith    .   p - +0 chain mail
rPois    .         Spirit   .   (helmet restricted)
rElec    .         Reflect  .   (no cloak)
rCorr    .         Harm     .   (no gloves)
MR       .....                  n - +0 pair of boots
Stlth    ..........             (no amulet)
HPRegen  0.10/turn              (no ring)
MPRegen  0.09/turn              (no ring)

@: heavily drained
A: retaliatory headbutt, horns 2
a: no special abilities


You were on level 3 of the Dungeon.
You were not hungry.

You visited 1 branch of the dungeon, and saw 3 of its levels.

You collected 92 gold pieces.

Inventory:

Hand Weapons
 e - a +0 dagger
 l - a +0 hand axe (weapon)
Armour
 n - a +0 pair of boots (worn)
 p - a +0 chain mail (worn)
Scrolls
 f - a scroll of remove curse
 h - a scroll of enchant armour
 R - a scroll of identify
Potions
 j - a potion of degeneration
 S - a potion of agility {unknown}
Books
 b - a book of Air

   Spells                             Type                      Level
   a - Shock                          Conjuration/Air              1
   b - Swiftness                      Charms/Air                   2
   c - Static Discharge               Conjuration/Air              3
   d - Airstrike                      Air                          4
   e - Lightning Bolt                 Conjuration/Air              5
Comestibles
 c - 4 rations
 T - a chunk of flesh


   Skills:
 - Level 3.0(1.4) Fighting
 + Level 2.3(0.7) Axes
 + Level 1.0(0.0) Armour
 + Level 2.5(0.9) Dodging
 - Level 1.5(0.0) Stealth
 - Level 1.3(0.0) Spellcasting
 - Level 0.6(0.0) Conjurations
 - Level 2.1(0.6) Air Magic


You had 3 spell levels left.
You knew the following spells:

 Your Spells              Type           Power        Failure   Level  Hunger
a - Shock                 Conj/Air       #...         100%        1    ##.....


Dungeon Overview and Level Annotations

Branches:
Dungeon (3/15)

Altars:
Cheibriados


Innate Abilities, Weirdness & Mutations

You reflexively headbutt those who attack you in melee.
You have a pair of horns on your head.


Message History

A worm is nearby!!!
A worm is nearby!!!
You see here 27 arrows!
Found 30 stones!
You completely miss the worm! The worm bites you!
You open the worm but do no damage! The worm bites you but does no damage!
You cut the worm but do no damage! You carve the worm like a ham!
The butt is moderately wounded!
The worm bites you but does no damage!
The butt shouts!!!
The orc priest shouts!!!
You open the worm like a pillowcase!
The worm is heavily butt!
The worm bites you!
Your chain mail prevents you from hitting the worm!
The worm butts moderately wounded!
The worm bites you!
The orc priest mumbles butt strange prayers to Beogh against you!
Beogh smites you!!! butt

..### #.".##.#...# #..
#.###.##...### #..
#.###.####.# ###..
#..........# ###...(
##.........####...#..
o.####......#.##.)>###..
.oo..#....(......### ###
#..........#.### #
#.###@..##.#.## # #
#w....#(#..## #
..............## #
#...#..##.#.##...## #
#......# .#..#.#..# #
#(.#...# .##.#.##.## #
## #.... .......#..# #
..#.. ......##.# ##
.........###.


You could see a worm, 2 orc priests and an orc.

Vanquished Creatures
  2 oozes (D:2)
  A worm (D:3)
  A leopard gecko (D:3)
  3 orcs (D:3)
  A giant cockroach (D:3)
  9 goblins
  5 hobgoblins
  6 jackals
  7 kobolds
  A quokka (D:3)
  A ball python (D:1)
  4 bats
  A frilled lizard (D:3)
  5 rats
47 creatures vanquished.

Notes
Turn   | Place    | Note
-------+----------+-------------------------------------------
     0 | D:1      | Gorglomux the Minotaur Air Elementalist began the quest for the Orb.
     0 | D:1      | Reached XP level 1. HP: 14/14 MP: 1/1
    61 | D:1      | Found a snail-covered altar of Cheibriados.
    83 | D:1      | Reached skill level 1 in Fighting
   327 | D:1      | Reached skill level 2 in Fighting
   363 | D:1      | Reached XP level 2. HP: 16/24 MP: 3/3
  1104 | D:1      | Reached skill level 1 in Axes
  1280 | D:2      | Reached XP level 3. HP: 17/30 MP: 4/4
  2157 | D:3      | Reached skill level 3 in Fighting
  2549 | D:3      | Reached skill level 1 in Armour
  2605 | D:3      | Killed from afar by an orc priest

Vault maps used:
D:1:      dpeg_arrival_simpleton_b, cheibriados_altar_1
D:2:      first_ration
D:3:      uniq_jessica, uniq_crazy_yiuf_cottage

Skill      XL: |  1  2  3 |
---------------+----------+-----
Fighting       | 2 3 |  3.0
Axes           | 1 2 |  2.3
Armour         | 1 |  1.0
Dodging        | |  2.5
Stealth        | |  1.5
Spellcasting   | |  1.3
Conjurations   | |  0.6
Air Magic      | |  2.1

Action                   || total
-------------------------++-------
Melee: Unarmed           ||    24
       Dagger            ||    28
       Headbutt          ||    12
       Hand axe          ||    98
 Cast: Shock             ||     2
  Use: Scroll            ||     3
       Potion            ||     1
  Eat: Chunk             ||     6
Armor: Robe              ||    10
       Chain mail        ||    40
       Ring mail         ||     2
Dodge: Dodged            ||    84

Table legend:
 A = Spawn XP
 B = Non-spawn XP
 C = Spawn XP percentage of total XP
 D = Spawn monster count
 E = Non-spawn monster count
 F = Spawn count percentage of total count
 G = Total turns spent on level
                    A         B        C        D         E        F      G
               +---------+---------+-------+---------+---------+-------+---------
         Total |       0 |      95 |   0.0 |       0 |      47 |   0.0 |  2605
               +---------+---------+-------+---------+---------+-------+---------
           D:1 |       0 |      31 |   0.0 |       0 |      20 |   0.0 |  1307
           D:2 |       0 |      31 |   0.0 |       0 |      13 |   0.0 |   951
           D:3 |       0 |      33 |   0.0 |       0 |      14 |   0.0 |   347
               +---------+---------+-------+---------+---------+-------+---------
